 Dungeon Crawl Stone Soup version 0.25-a0-248-g18654cfe15 (webtiles) character file.

Game seed: 10612983266479144414, levelgen mode: classic

1434 EnegeticOcto the Ducker (level 8, -2/39 HPs)
             Began as a Spriggan Conjurer on Dec 4, 2019.
             Killed from afar by an orc wizard (11 damage)
             ... with a magic dart
             ... on level 5 of the Dungeon.
             The game lasted 00:13:58 (6605 turns).

EnegeticOcto the Ducker (Spriggan Conjurer)         Turns: 6605, Time: 00:13:59

Health: -2/39      AC:  2    Str:  4    XL:     8   Next: 45%
Magic:  3/18       EV: 22    Int: 19    God:
Gold:   215        SH:  3    Dex: 16    Spells: 5/19 levels left

rFire    . . .     SeeInvis +   d - +4 hunting sling (flame)
rCold    . . .     Gourm    .   (shield restricted)
rNeg     . . .     Faith    .   a - +0 robe
rPois    .         Spirit   .   (helmet restricted)
rElec    .         Reflect  +   (no cloak)
rCorr    .         Harm     .   (gloves unavailable)
MR       +....                  (boots unavailable)
Stlth    ++........             o - +3 amulet of reflection
HPRegen  0.13/turn              (no ring)
MPRegen  0.16/turn              (no ring)

@: very quick
A: very small, unfitting armour, see invisible, herbivore, speed 3, slow
metabolism 2
a: no special abilities


You were on level 5 of the Dungeon.
You were not hungry.

You visited 1 branch of the dungeon, and saw 6 of its levels.
You also visited: Ossuary.

You collected 215 gold pieces.

Inventory:

Hand Weapons
 d - a +4 hunting sling of flaming (weapon)
Missiles
 f - 108 stones (quivered)
 v - 19 sling bullets
 z - 6 throwing nets {!f}
Armour
 a - a +0 robe (worn)
Jewellery
 o - a +3 amulet of reflection (around neck)
Wands
 u - a wand of flame (9)
Scrolls
 c - 3 scrolls of magic mapping {@r5 !r}
 h - 4 scrolls of teleportation {@r3 !r}
 i - 2 scrolls of blinking {unknown}
 l - 3 scrolls of remove curse {@r2}
 q - a scroll of enchant armour {unknown}
 y - a scroll of random uselessness {unknown}
 A - a scroll of immolation {unknown}
Potions
 b - 2 potions of curing {unknown}
 g - a potion of lignification {@q6}
 j - a potion of cancellation
 k - a potion of berserk rage
 m - a potion of magic {unknown}
 n - a potion of heal wounds {@q2 !q}
 p - a potion of flight
 r - a potion of brilliance
 s - a potion of invisibility
 t - 3 potions of ambrosia
 w - 3 potions of haste {unknown}
 x - a potion of degeneration {unknown}
Comestibles
 e - 10 rations


   Skills:
 - Level 2.0 Fighting
 + Level 6.6 Dodging
 - Level 3.0 Stealth
 - Level 6.0 Spellcasting
 - Level 5.0 Conjurations
 + Level 4.8 Hexes
 + Level 5.7 Translocations


You had 5 spell levels left.
You knew the following spells:

 Your Spells              Type           Power        Failure   Level  Hunger
a - Magic Dart            Conj           ###.         1%          1    None
b - Searing Ray           Conj           ###...       2%          2    None
c - Iskenderun's Mystic   Conj/Tloc      ####....     12%         4    ####...
d - Fulminant Prism       Conj/Hex       ###.......   14%         4    ####...
e - Dazzling Flash        Conj/Hex       ###...       4%          3    ##.....

Your spell library contained the following spells:

 Spells                   Type           Power        Failure   Level  Hunger
 Corona                   Hex            ###....      1%          1    None
 Confuse                  Hex            ###.....     4%          3    ##.....
 Tukima's Dance           Hex            ###.....     4%          3    ##.....
 Ensorcelled Hibernation  Hex/Ice        ##....       6%          2    None


Dungeon Overview and Level Annotations

Branches:
Dungeon (6/15)            Ossuary (visited)
 Temple: D:4-7

Altars:
Ashenzari
Makhleb
Zin
Beogh

Shops:
D:5 [

Annotations:
D:3 2 transporters
D:4 3 runed translucent doors, an12's ghost, amateur VSTm


Innate Abilities, Weirdness & Mutations

You are very small and have problems with some larger weapons.
You are too small for most types of armour.
You have supernaturally acute eyesight. (SInv)
You are a herbivore.
You cover ground extremely quickly.
You need to consume almost no food.


Message History

f - 110 stones (gained 1)
f - 111 stones (gained 1)
Found a stone staircase leading down.
The dart slug is too close now for your liking.
You see here 14 gold pieces.
Firing (i - inventory. (/) - cycle)
f - 111 stones (quivered)
Press: ? - help, Shift-Dir - straight line, f - dart slug
Aim: a dart slug (moderately wounded, hasn't noticed you)
You shoot a stone. The stone hits the dart slug.
The stone burns the dart slug.
The dart slug is heavily wounded.
Firing (i - inventory. (/) - cycle)
f - 110 stones (quivered)
Press: ? - help, Shift-Dir - straight line, f/p - dart slug
Aim: a dart slug (heavily wounded)
You shoot a stone. The stone hits the dart slug.
The stone burns the dart slug.
The dart slug is almost dead.
The dart slug launches a dart at you. The slug dart misses you.
Firing (i - inventory. (/) - cycle)
f - 109 stones (quivered)
Press: ? - help, Shift-Dir - straight line, f/p - dart slug
Aim: a dart slug (almost dead)
You shoot a stone. The stone hits the dart slug.
The stone burns the dart slug.
You kill the dart slug!
You now have 215 gold pieces (gained 14).
f - 110 stones (gained 2)
f - 111 stones (gained 1)
Found a stone staircase leading up.
An orc wizard comes into view. It is wielding a +0 dagger.
Firing (i - inventory. (/) - cycle)
f - 111 stones (quivered)
Press: ? - help, Shift-Dir - straight line, f - orc wizard
Aim: an orc wizard, wielding a +0 dagger and wearing a +0 robe (resting)
You shoot a stone. The stone hits the orc wizard.
The stone burns the orc wizard.
The orc wizard shouts!
The orc wizard is moderately wounded.
You hear a shout!
An orc wizard comes into view. It is wielding a +0 dagger.
Firing (i - inventory. (/) - cycle)
f - 110 stones (quivered)
Press: ? - help, Shift-Dir - straight line, f/p - orc wizard
Aim: an orc wizard, wielding a +0 dagger and wearing a +0 robe (moderately wounded)
You shoot a stone. The stone barely misses the orc wizard.
The orc wizard shouts!
You hear a shout!
An orc wizard comes into view. It is wielding a +0 dagger.
A sky beast comes into view.
Firing (i - inventory. (/) - cycle)
f - 109 stones (quivered)
Press: ? - help, Shift-Dir - straight line, f/p - orc wizard
Aim: an orc wizard, wielding a +0 dagger and wearing a +0 robe (moderately wounded)
You shoot a stone. The stone hits the orc wizard.
The stone burns the orc wizard.
The orc wizard is heavily wounded.
An orc comes into view. It is wielding a -2 falchion.
The orc wizard gestures at you while chanting.
The puff of frost hits you!
Found a great sword.
Casting: Searing Ray (safe; 2% risk of failure)
Confirm with . or Enter, or press ? or * to list all spells.
You erupt in a blast of force!
The mystic blast hits the orc wizard!
The orc wizard is almost dead.
The orc wizard casts a spell at you. The puff of frost hits you!
The orc wizard casts a spell at you. The puff of flame misses you.
Casting: Iskenderun's Mystic Blast (safe; 12% risk of failure)
Confirm with . or Enter, or press ? or * to list all spells.
You erupt in a blast of force!
The mystic blast hits the orc wizard!
You kill the orc wizard!
The orc wizard casts a spell.
The orc wizard seems to speed up.
An orc comes into view.
There is a stone staircase leading up here.
Casting: Iskenderun's Mystic Blast (safe; 12% risk of failure)
Confirm with . or Enter, or press ? or * to list all spells.
You erupt in a blast of force!
The mystic blast hits the orc wizard!
The orc wizard is severely wounded.
The orc wizard is knocked back by the mystic blast.
The mystic blast hits the orc wizard.
The orc wizard is lightly wounded.
The orc wizard is knocked back by the mystic blast.
The mystic blast hits the sky beast!
The sky beast is moderately wounded.
The orc wizard casts a spell.
The orc wizard blinks!
The sky beast hits you but does no damage.
Casting: Iskenderun's Mystic Blast (safe; 12% risk of failure)
Confirm with . or Enter, or press ? or * to list all spells.
You erupt in a blast of force!
The mystic blast hits the orc!
You kill the orc!
The mystic blast misses the sky beast.
The sky beast hits you. The sky beast shocks you. The sky beast misses you.
The orc wizard hits you but does no damage.
You climb upwards.
There is a stone staircase leading down here.
The sky beast flickers out of sight for a moment.
The sky beast completely misses you.
The orc wizard gestures at you while chanting.
The magic dart hits you.
* * * LOW HITPOINT WARNING * * *
The orc wizard casts a spell at you. The magic dart hits you!
You die...

##.## ##.###..###
##.## #.#
##...#### #..# #.#
###....## ..##
#.### ##....# .##
##.#.## ##...# ##
###.....## #...# #
###........##
#...# #
##.....>.....#
##..#
#......@.....##
#..#
##.............#
####
#..............##
#.........o.....#
###
#........Y......##
..##
##...............#
...#
##.........>....#
...#
##.............#
.###
####.........##


You could see a sky beast (invisible) and an orc wizard.

Vanquished Creatures
  A black bear (D:6)
  A phantom (D:5)
  A centaur (D:5)
  2 bullfrogs
  A scorpion (D:3)
  A howler monkey (D:4)
  An electric eel (D:6)
  3 hounds
  2 centaur zombies (Ossuary)
  An orc priest (D:4)
  4 orc wizards
  A bullfrog skeleton (D:5)
  Jessica (D:2)
  An iguana (D:4)
  Natasha (thrice) (D:2)
  6 worker ants
  3 big kobold zombies (Ossuary)
  4 mummies (Ossuary)
  Robin (D:4)
  3 gnolls (D:2)
  5 adders
  A shadow imp (D:6)
  An ooze (D:1)
  An adder skeleton (D:4)
  4 dart slugs
  5 leopard geckos
  13 orcs
  10 bats
  4 giant cockroaches
  12 goblins
  6 hobgoblins
  7 jackals
  4 quokkas
  2 frilled lizards
  A hobgoblin zombie (Ossuary)
  8 kobolds
  12 rats
137 creatures vanquished.

Notes
Turn   | Place    | Note
-------+----------+-------------------------------------------
     0 | D:1      | EnegeticOcto the Spriggan Conjurer began the quest for the
                  | Orb.
     0 | D:1      | Reached XP level 1. HP: 9/9 MP: 5/5
   370 | D:1      | Reached XP level 2. HP: 13/13 MP: 5/7
   886 | D:1      | Reached XP level 3. HP: 16/16 MP: 6/9
  1226 | D:2      | Noticed Natasha
  1233 | D:2      | Killed Natasha
  1233 | D:2      | Reached skill level 5 in Spellcasting
  1504 | D:2      | Learned a level 2 spell: Searing Ray
  1741 | D:2      | Reached XP level 4. HP: 21/21 MP: 9/12
  1838 | D:2      | Noticed Natasha
  1847 | D:2      | Killed Natasha
  1847 | D:2      | Reached skill level 1 in Fighting
  1989 | D:2      | Noticed Jessica
  1992 | D:2      | Killed Jessica
  1992 | D:2      | Reached XP level 5. HP: 25/25 MP: 9/14
  2447 | D:2      | Noticed Natasha
  2460 | D:2      | Killed Natasha
  2757 | D:3      | You fall into a shaft and drop 1 floor!
  2785 | D:4      | Noticed Robin
  2791 | D:4      | Reached XP level 6. HP: 30/30 MP: 16/16
  2804 | D:4      | Found a runed translucent gate.
  2805 | D:4      | Found a runed translucent gate.
  2806 | D:4      | Found a runed translucent gate.
  2806 | D:4      | Identified the +1 chain mail of Ru's Hope {rPois Int+2}
  2807 | D:4      | Found a roughly hewn altar of Beogh.
  2807 | D:4      | Noticed an12's ghost (amateur VSTm)
  3173 | D:3      | Found a transporter.
  3185 | D:3      | Found a glowing silver altar of Zin.
  3187 | D:3      | Noticed a hungry ghost
  3193 | D:3      | Found a transporter.
  3264 | D:3      | Found a shattered altar of Ashenzari.
  3951 | D:4      | Reached skill level 5 in Conjurations
  3951 | D:4      | Reached XP level 7. HP: 35/35 MP: 13/17
  3957 | D:4      | Learned a level 4 spell: Iskenderun's Mystic Blast
  3962 | D:4      | Learned a level 4 spell: Fulminant Prism
  3966 | D:4      | Learned a level 3 spell: Dazzling Flash
  4206 | D:4      | Killed Robin
  4209 | D:4      | Reached skill level 1 in Translocations
  4344 | D:4      | Found a burning altar of Makhleb.
  4344 | D:4      | Noticed a blizzard demon
  4415 | D:5      | Entered Level 5 of the Dungeon
  4528 | D:5      | Reached skill level 1 in Hexes
  4724 | D:5      | Found a sand-covered staircase.
  4734 | Ossuary  | Entered an ossuary
  4811 | Ossuary  | Reached skill level 5 in Dodging
  5056 | D:5      | Reached XP level 8. HP: 35/39 MP: 10/18
  5368 | D:5      | Found Raawan's Armour Emporium.
  6124 | D:6      | Reached skill level 5 in Translocations
  6605 | D:5      | Killed from afar by an orc wizard

Levels and vault maps discovered:
D:1:      dpeg_arrival_rooms_b, layout_basic, minmay_tetromino_l4
D:2:      cheibrodos_old_hovel, layout_basic, first_ration, uniq_natasha,
          uniq_jessica
D:3:      layout_rooms, gammafunk_temple_overflow_arena, ashenzari_altar_1
D:4:      layout_cave_pools, biasface_ghost_orc_armoury,
          makhleb_altar_promises_db, uniq_robin
D:5:      layout_cave_pods, serial_shops,
          nicolae_shop_competitors_out_of_business, enter_ossuary_1
D:6:      kennysheep_slugbush, layout_layer_cave,
          nicolae_overflow_crystal_walls, hangedman_abyss_or_decor_stagger

Skill      XL: |  1  2  3  4  5  6  7  8 |
---------------+-------------------------+-----
Spellcasting   | 3 4 5 6 |  6.0
Conjurations   | 3 5 |  5.0
Fighting       | 1 2 |  2.0
Translocations | 4 5 |  5.7
Hexes          | 3 4 |  4.8
Dodging        | 5 6 |  6.6
Stealth        | |  3.0

Action                   |  1- 3 |  4- 6 |  7- 9 || total
-------------------------+-------+-------+-------++-------
Melee: Unarmed           |       |       |    12 ||    12
 Fire: Hunting sling     |    38 |    58 |   111 ||   207
Throw: Stone             |       |       |     1 ||     1
 Cast: Magic Dart        |    36 |     9 |     7 ||    52
       Searing Ray       |     2 |    22 |    21 ||    45
       Iskenderun's Myst |       |       |     8 ||     8
Evoke: Wand              |       |       |    10 ||    10
  Use: Scroll            |       |    12 |     3 ||    15
       Potion            |       |       |     2 ||     2
  Eat: Ration            |       |     1 |     1 ||     2
Armor: Robe              |       |     5 |     3 ||     8
       Skin              |       |       |    42 ||    42
Dodge: Dodged            |     5 |    17 |    79 ||   101
Block: Other             |       |       |     9 ||     9

Table legend:
 A = Non-vault XP
 B = Vault XP
 C = Vault XP percentage of total XP
 D = Non-vault monster count
 E = Vault monster count
 F = Vault count percentage of total count
                 A         B        C        D         E       F
            +---------+---------+-------+---------+---------+-------
      Total |    1693 |     356 |  17.4 |     110 |      27 |  19.7
            +---------+---------+-------+---------+---------+-------
        D:1 |      46 |       2 |   4.2 |      25 |       1 |   3.8
        D:2 |     253 |      73 |  22.4 |      24 |       3 |  11.1
        D:3 |     105 |       0 |   0.0 |      15 |       0 |   0.0
        D:4 |     329 |      34 |   9.4 |      16 |      11 |  40.7
        D:5 |     565 |       0 |   0.0 |      20 |       0 |   0.0
        D:6 |     395 |       8 |   2.0 |      10 |       2 |  16.7
    Ossuary |       0 |     239 | 100.0 |       0 |      10 | 100.0
            +---------+---------+-------+---------+---------+-------
